 Dungeon Crawl Stone Soup version 0.29.1-15-g9cfb28693d (webtiles) character file.

Game seed: 7019193364715437663

1383481 freelancePsychic the Annihilator (level 27, 209/225 (226) HPs)
             Began as a Barachi Arcane Marksman on Mar 14, 2023.
             Was an Initiate of Gozag.
             Escaped with the Orb
             ... and 3 runes on Mar 16, 2023!
             The game lasted 03:25:10 (103539 turns).

freelancePsychic the Annihilator (BaAM)           Turns: 103539, Time: 03:25:11

HP:   209/225 (226) AC: 26    Str: 13      XL:     27
MP:   36/42         EV: 13    Int: 35 (37) God:    Gozag
Gold: 1403          SH:  8    Dex: 13      Spells: 20/56 levels left

rFire   + + .      SeeInvis .   a - staff of fire
rCold   + . .      Faith    .   H - +3 buckler {rPois}
rNeg    . . .      Spirit   .   Y - +4 scale mail "Tidghonu" {rF+ rC+ rCorr}
rPois   +          Reflect  .   (helmet restricted)
rElec   +          Harm     .   Q - +2 cloak {Will+}
rCorr   +          Rampage  .   A - +2 pair of gloves
Will    +++..                   v - +2 pair of boots of Ynask {rElec}
Stlth   +.........              y - amulet of magic regeneration
HPRegen 0.47/turn               i - ring "Ixtacad" {Wiz Int+3}
MPRegen 0.68/turn               w - +6 ring of intelligence

@: brilliant, very slightly contaminated, hasted, lightly drained, very quick
A: amphibious, slowness 1, strong legs 2, +LOS, beak, clever 1, evolution 1,
subdued magic 1
0: Orb of Zot
}: 3/15 runes: decaying, slimy, gossamer
a: Hop, Renounce Religion, Potion Petition, Call Merchant, Bribe Branch


You escaped.
You worshipped Gozag.
Gozag was most pleased with you.
You visited 11 branches of the dungeon, and saw 54 of its levels.
You visited 1 bazaar.
You also visited: Trove, Ossuary, Bailey, Volcano and Wizlab.

You collected 26618 gold pieces.
You spent 1795 gold pieces at shops.
You paid 23420 gold pieces to Gozag.

Inventory:

Missiles
 N - 3 throwing nets
Armour
 v - the +2 pair of boots of Ynask (worn) {rElec}
   (You found it on level 6 of the Dungeon)

   rElec:     It insulates you from electricity.
 A - a +2 pair of gloves (worn)
 G - the +0 helmet of Celucu Elum {rF+ Int+2}
   (You found it on level 3 of the Elven Halls)

   Int:       It affects your intelligence (+2).
   rF:        It protects you from fire.
 H - a +3 buckler of poison resistance (worn)
 Q - a +2 cloak of willpower (worn)
 Y - the +4 scale mail "Tidghonu" (worn) {rF+ rC+ rCorr}
   (You found it on level 1 of the Spider Nest)

   rF:        It protects you from fire.
   rC:        It protects you from cold.
   rCorr:     It protects you from acid and corrosion.
Magical Staves
 a - a staff of fire (weapon)
Jewellery
 b - an amulet of reflection
 c - an amulet of regeneration
 i - the ring "Ixtacad" (left hand) {Wiz Int+3}
   (You acquired it on level 2 of the Lair of Beasts)

   [ring of wizardry]

   It improves your spell success rate.
   Int:       It affects your intelligence (+3).
 j - a ring of flight
 p - a +6 ring of dexterity
 w - a +6 ring of intelligence (right hand)
 y - an amulet of magic regeneration (around neck)
 D - a ring of poison resistance
 R - a ring of see invisible
 Z - a ring of protection from fire
Wands
 e - a wand of digging (3)
 s - a wand of polymorph (38)
 u - a wand of flame (88)
 x - a wand of mindburst (8)
 z - a wand of paralysis (25)
 C - a wand of quicksilver (9)
 U - a wand of roots (30)
Scrolls
 d - 4 scrolls of butterflies
 n - a scroll of brand weapon
 o - 4 scrolls of blinking
 E - a scroll of fear
 J - 3 scrolls of silence
 O - 12 scrolls of amnesia
 P - 8 scrolls of enchant weapon
 T - 6 scrolls of enchant armour
 V - 5 scrolls of poison
 X - 4 scrolls of immolation
Potions
 f - 14 potions of flight
 g - 8 potions of mutation
 h - 6 potions of haste {@q3}
 k - 8 potions of degeneration
 l - 9 potions of lignification
 r - 4 potions of resistance
 B - 2 potions of brilliance
 F - 2 potions of berserk rage
 K - 14 potions of curing {@q1}
 L - 11 potions of ambrosia
 M - 4 potions of might
Miscellaneous
 m - a phial of floods
 t - a condenser vane


   Skills:
 + Level 20.5 Fighting
 - Level 10.0 Short Blades
 - Level 7.4 Staves
 - Level 2.5 Ranged Weapons
 - Level 18.0 Armour
 - Level 12.0 Dodging
 - Level 4.0 Stealth
 - Level 5.0 Shields
 - Level 15.0 Spellcasting
 O Level 27 Conjurations
 - Level 3.2 Hexes
 - Level 6.2 Transmutations
 O Level 27 Fire Magic
 - Level 8.4 Ice Magic
 - Level 5.4 Evocations


You had 20 spell levels left.
You knew the following spells:

 Your Spells              Type           Power      Damage    Failure   Level
a - Orb of Destruction    Conj           64%        9d15      1%          7
b - Frozen Ramparts       Ice            100%       1d16      1%          3
c - Fireball              Conj/Fire      76%        3d28      0%          5
d - Fire Storm            Conj/Fire      76%        8d19      2%          9
e - Starburst             Conj/Fire      76%        6d20      0%          6
f - Slow                  Hex            100%       N/A       1%          1
h - Irradiate             Conj/Tmut      52%        3d29      1%          5

Your spell library contained the following spells:

 Spells                   Type           Power      Damage    Failure   Level
 Foxfire                  Conj/Fire      100%       2x1d9     0%          1
 Scorch                   Fire           100%       2d10      0%          2
 Conjure Flame            Conj/Fire      100%       6-21      0%          3
 Dazzling Flash           Conj/Hex       100%       N/A       0%          3
 Inner Flame              Hex/Fire       100%       N/A       0%          3
 Flame Wave               Conj/Fire      100%       2d21      0%          4
 Hailstorm                Conj/Ice       100%       3d20      0%          4
 Sticky Flame             Conj/Fire      100%       2d11      0%          4
 Apportation              Tloc           60%        N/A       1%          1
 Beastly Appendage        Tmut           100%       N/A       1%          1
 Freeze                   Ice            100%       1d11      1%          1
 Necrotise                Necr           100%       1d9       1%          1
 Summon Small Mammal      Summ           100%       N/A       1%          1
 Ensorcelled Hibernation  Hex/Ice        100%       N/A       1%          2
 Wereblood                Tmut           69%        N/A       1%          2
 Confusing Touch          Hex            54%        N/A       1%          3
 Ignite Poison            Fire/Tmut/Pois 100%       N/A       1%          3
 Ozocubu's Armour         Ice            78%        N/A       1%          3
 Spider Form              Tmut/Pois      53%        N/A       1%          3
 Stone Arrow              Conj/Erth      100%       3d13      1%          3
 Tukima's Dance           Hex            54%        N/A       1%          3
 Ice Form                 Ice/Tmut       73%        N/A       1%          4
 Iskenderun's Mystic Bla  Conj/Tloc      96%        2d19      1%          4
 Lightning Bolt           Conj/Air       48%        1d68      1%          5
 Conjure Ball Lightning   Conj/Air       48%        3x3d17    1%          6
 Blink                    Tloc           60%        N/A       2%          2
 Portal Projectile        Hex/Tloc       86%        N/A       2%          3
 Summon Guardian Golem    Hex/Summ       43%        N/A       2%          3
 Summon Ice Beast         Ice/Summ       59%        N/A       2%          4
 Blade Hands              Tmut           34%        N/A       3%          5
 Cause Fear               Hex            27%        N/A       4%          4
 Call Canine Familiar     Summ           30%        N/A       5%          3
 Gell's Gravitas          Tloc           30%        N/A       5%          3
 Teleport Other           Tloc           30%        N/A       5%          3
 Vampiric Draining        Necr           30%        2d8       5%          3
 Spellforged Servitor     Conj/Summ      48%        N/A       6%          7
 Yara's Violent Unravell  Hex/Tmut       31%        3d13      7%          5
 Anguish                  Hex/Necr       21%        N/A       9%          4
 Leda's Liquefaction      Hex/Erth       21%        N/A       9%          4
 Alistair's Intoxication  Tmut/Pois      35%        N/A       13%         5
 Airstrike                Air            15%        2d(3-19)  17%         4
 Animate Armour           Summ/Erth      60%        N/A       17%         4
 Dispel Undead            Necr           30%        3d14      17%         4
 Passage of Golubria      Tloc           30%        N/A       17%         4
 Summon Lightning Spire   Summ/Air       30%        N/A       17%         4
 Summon Mana Viper        Hex/Summ       43%        N/A       26%         5
 Lehudib's Crystal Spear  Conj/Erth      48%        10d11     41%         8
 Agony                    Necr           30%        N/A       43%         5
 Borgnjor's Vile Clutch   Necr/Erth      15%        N/A       43%         5
 Manifold Assault         Tloc           30%        N/A       43%         5
 Summon Forest            Summ/Tloc      15%        N/A       43%         5
 Ozocubu's Refrigeration  Ice            39%        4d16      43%         7
 Eringya's Noxious Bog    Tmut/Pois      26%        N/A       58%         6
 Dragon Form              Tmut           34%        N/A       73%         7
 Death Channel            Necr           15%        N/A       94%         6
 Dispersal                Tloc           15%        N/A       94%         6
 Summon Cactus Giant      Summ           15%        N/A       94%         6
 Enfeeble                 Hex            27%        N/A       98%         7
 Storm Form               Tmut/Air       26%        N/A       98%         7
 Borgnjor's Revivificati  Necr           15%        N/A       100%        8
 Discord                  Hex            27%        N/A       100%        8
 Disjunction              Tloc           15%        N/A       100%        8
 Necromutation            Tmut/Necr      26%        N/A       100%        8
 Death's Door             Necr           15%        N/A       100%        9
 Polar Vortex             Ice            39%        N/A       100%        9
 Animate Dead             Necr           Unusable   N/A       N/A         4
 Corpse Rot               Necr/Pois/Air  Unusable   N/A       N/A         4

Dungeon Overview and Level Annotations

Branches:
Dungeon (15/15)            Temple (0/1) D:7            Lair (5/5) D:8
  Swamp (4/4) Lair:2       Spider (4/4) Lair:3        Slime (5/5) Lair:4
    Orc (2/2) D:11            Elf (3/3) Orc:2        Vaults (4/5) D:14
  Crypt (3/3) Vaults:2     Depths (4/4) D:15            Zot (5/5) Depths:4
Ossuary (visited)          Bailey (visited)         Volcano (visited)
 WizLab (visited)
   Tomb: Crypt:3

Altars:
Cheibriados
Gozag
Kikubaaqudgha
Okawaru
Qazlal
Ru
Sif Muna
Trog
Vehumet
Wu Jian
Xom
The Shining One
Jiyva

Shops:
D:5 :   D:7 *   D:11 =[(((   D:12 (   Orc:2 [*?*(   Vaults:4 *

Portals:
Hell: Depths:1 Depths:2 Depths:3 Depths:4
Abyss: Depths:2 Depths:3
Pandemonium: Depths:1 Depths:2
Ziggurat: Depths:4

Annotations:
D:3 2 transporters, exclusion: black bear, Chatter's ghost, amateur GrEE; Grinder
D:4 exclusion: statue
D:7 exclusions: hornet and two-headed ogre
D:12 1 exclusion
D:13 Rupert
Orc:2 1 runed translucent door, SirLogeyBear's ghost, journeyman HOBe
Elf:2 4 runed translucent doors, Roxanne; UCchamp's ghost, adept MeFi
Crypt:3 Vv
Depths:1 2 transporters, AverageBear's ghost, adept OpFi; Igaxtu's ghost, veteran HOFi; safid's ghost, adept MfIE
Abyss:1 Bai Suzhen; Duvessa; Edmund; Kirke; Maggie; Zenata


Innate Abilities, Weirdness & Mutations

You are amphibious.
You cover ground slowly.
You can hop long distances.
You have an extended range of vision and can be seen from far away.
You have a beak for a mouth.
Your mind is acute. (Int +4, Str/Dex -1)
You have hidden genetic potential.
Your spells are a little easier to cast, but a little less powerful.


Message History

The ancient lich partially resists.
You destroy the ancient lich!
The great blast of fire engulfs Purgh!!!
Purgh partially resists.
Purgh is heavily wounded.
Purgh is engulfed in blazing flames.
Purgh gestures.
Your fire vortex barely misses Purgh.
You feel your dexterity returning.
Aiming: Fire Storm (dangerous; 2% risk of failure)
Press: ? - help, Q - select action, (/) - cycle Dir - move target, p - fire vortex You feel a strong surge of power!
A raging storm of fire appears!
The great blast of fire engulfs Purgh!!!
Purgh partially resists.
Purgh is severely wounded.
Purgh is engulfed in blazing flames.
Purgh hits your fire vortex!!
Aiming: Fire Storm (dangerous; 2% risk of failure)
Press: ? - help, Q - select action, (/) - cycle Dir - move target You feel a strong surge of power!
A raging storm of fire appears!
The great blast of fire engulfs Purgh!!!
Purgh partially resists.
You kill Purgh!
The hellion disappears in a puff of smoke!
Really walk into that cloud of flame?
You swap places.
You are engulfed in blazing flames.
You resist.
You swap places.
You are engulfed in blazing flames.
You resist.
You are engulfed in blazing flames.
You resist.
You are engulfed in blazing flames.
You resist.
(D) Dungeon (T) Temple (L) Lair (S) Swamp (N) Spider Nest (M) Slime Pits (O) Orcish Mines (E) Elven Halls (V) Vaults (C) Crypt (U) Depths (H) Hell (Z) Zot
Where to? (Enter - D:1 @ (x,y), ? - help)
You swap places.
There is an open door here.
There is an open door here.
There is a staircase leading out of the dungeon here.
Unknown command.
Okay, then.
You have escaped!

# #.....###..#.....######......#
# #.....#...######.#....#....#.#
# #....##.###......#.##.##)..#.#
# ##..'##...#.######.##..#+..#.##
####..#.###.#....# #.###..#..#...
.....##...#.####.###.#######...>.
####.####.#.####'##...######.#...
#.####.....+...'.#.....##.#..#
#.'..#######.@.#####.#..+.#...
#.##.....#.+[..'...#.####.#.##
#.######...##'####.#.####.#.#
#.#######.###.####.#...##.#.#
#..#..###.# #....#.###.#.vv.#
#..'#..##.######.#...##v.v####
#...##.##.#......###.##vvv...#
#....#....#.######...#...v##.#
#....####.#.....#..###v.v.##v#


There were no monsters in sight!

Vanquished Creatures
  the Royal Jelly (Slime:5)
  2 juggernauts
  4 ancient liches
  A pandemonium lord (D:1)
  Parghit (Zot:1)
  5 Killer Klowns (Zot:3)
  Boris (twice) (Vaults:2 Vaults:4)
  Saint Roka (Depths:4)
  A Head Instructor (WizLab)
  2 curse toes
  Nikola (Vaults:1)
  6 golden dragons
  the Enchantress (Depths:4)
  A Tzitzimitl (Zot:1)
  3 doom hounds (Crypt:2)
  16 tentacled monstrosities
  An Ice Fiend (D:14)
  A shard shrike skeleton (Crypt:3)
  7 quicksilver dragons
  A titan (Depths:4)
  2 liches
  Grunn (Crypt:2)
  An Orb Guardian (Depths:3)
  2 deep elf blademasters (Elf:3)
  2 deep elf master archers (Elf:3)
  23 acid blobs
  6 death cobs
  4 ancient champions
  An Executioner (Depths:3)
  2 sphinxes
  Gastronok (Lair:2)
  Donald (Vaults:2)
  6 tengu reavers
  5 shadow dragons
  6 draconian monks
  16 storm dragons
  2 fenstrider witches
  3 draconian knights
  12 azure jellies
  3 deep elf sorcerers (Elf:3)
  9 rockslimes
  4 frost giants
  An iron dragon (Depths:3)
  A cacodemon (D:15)
  4 emperor scorpions
  3 ghost moths
  5 draconian scorchers
  9 vault wardens
  2 balrugs (Depths:1)
  3 deep elf elementalists (Elf:3)
  2 curse skulls
  9 ghouls
  5 draconian shifters
  2 draconian stormcallers (Zot:1)
  5 spriggan defenders
  27 very ugly things
  2 broodmothers
  12 ironbound preservers
  3 reapers
  3 caustic shrike skeletons (Crypt:3)
  5 draconian annihilators
  10 stone giants
  11 quicksilver oozes
  2 war gargoyles
  3 grey draconians (Zot:3)
  17 ironbound thunderhulks
  5 eleionomae
  3 vampire knights
  7 black draconians
  11 green draconians
  10 purple draconians
  6 deep elf demonologists (Elf:3)
  27 spark wasps
  A putrid mouth (Crypt:2)
  9 bunyips
  6 deep elf annihilators
  5 entropy weavers
  9 red draconians
  16 yellow draconians
  A lorocyproca (Zot:1)
  17 dire elephants
  7 white draconians
  3 deep elf death magi
  4 eidola
  9 fire dragons
  11 jiangshi
  5 deep elf high priests (Elf:3)
  3 ettins
  5 rakshasas
  7 yaktaur captains
  5 great orbs of eyes
  2 vault guards
  2 boulder beetles
  A boulder beetle (shapeshifter) (D:14)
  19 hydras
  A peacekeeper (Vaults:4)
  7 ice dragons
  A catoblepas (Lair:2)
  2 ogre magi
  7 spriggan air magi
  14 centaur warriors
  5 ghost crabs
  7 two-headed ogres
  9 ironbound frosthearts
  3 death knights
  13 vampire magi
  19 dancing weapons
  11 death yaks
  A fenstrider witch skeleton (Crypt:3)
  2 alligators
  3 radroaches
  A jorogumo (Spider:3)
  Erica (Lair:2)
  8 tengu warriors
  4 deep troll shamans
  2 deep troll earth magi
  4 spriggan berserkers
  Nergalle (Lair:2)
  15 deep elf knights
  6 hell knights
  3 iron trolls
  Sonja (D:10)
  A soul eater (Crypt:1)
  2 sixfirhies (D:15)
  A storm dragon skeleton (Crypt:1)
  2 shadow wraiths
  8 pharaoh ants
  8 goliath frogs
  13 skeletal warriors
  6 spriggan druids
  3 sun moths
  2 flayed ghosts (Crypt:3)
  9 swamp dragons
  8 bog bodies
  4 glowing orange brains
  4 steelbarb worms
  34 deep trolls
  13 orb spiders
  8 ironbound convokers
  A spriggan simulacrum (Crypt:2)
  A bunyip skeleton (Crypt:3)
  2 anaconda skeletons (Crypt:3)
  13 deep elf archers
  8 phantasmal warriors
  5 orc knights
  A harpy (shapeshifter) (Elf:1)
  5 harpies (Vaults:1)
  10 wizards
  4 necromancers
  10 lindwurms
  21 deep elf zephyrmancers
  A mana viper (shapeshifter) (D:13)
  An orc sorcerer (Depths:3)
  7 shining eyes
  5 oklob plants
  A stone giant zombie (Crypt:3)
  7 mana vipers (WizLab)
  3 will-o-the-wisps
  An iron dragon zombie (Crypt:2)
  22 deep elf pyromancers
  6 cyclopes
  A salamander (D:15)
  8 black mambas
  40 ugly things
  32 wolf spiders
  Maurice (D:12)
  26 moths of wrath
  2 apocalypse crabs (Swamp:2)
  3 naga magi (WizLab)
  3 eyes of devastation
  9 elephants
  A molten gargoyle (Swamp:4)
  A dire elephant zombie (Crypt:2)
  17 vault sentinels
  An orange demon (D:15)
  9 cane toads
  2 centaur skeletons (Crypt:3)
  14 demonic crawlers
  An unseen horror (D:12)
  A cane toad (shapeshifter) (D:13)
  5 torpor snails
  2 gargoyles (D:12)
  11 komodo dragons
  5 rime drakes
  A white draconian zombie (Crypt:1)
  A redback zombie (Crypt:1)
  A hellion (D:12)
  4 freezing wraiths
  6 tengu conjurers
  An efreet (D:13)
  A tormentor (Depths:3)
  20 yaktaurs
  An ancient zyme (Lair:5)
  2 red devils
  An unseen horror skeleton (Crypt:2)
  A queen bee (Spider:3)
  A meliai (shapeshifter) (D:14)
  9 meliai
  A minotaur skeleton (Crypt:1)
  7 trolls
  11 tyrant leeches
  A polar bear (Lair:5)
  11 hornets
  20 tarantellas
  A radroach zombie (Crypt:1)
  Prince Ribbit (D:5)
  18 blink frogs
  87 slime creatures
  7 dream sheep (Lair:5)
  A harpy skeleton (Crypt:2)
  2 blink frogs (shapeshifter) (D:14)
  A dream sheep (shapeshifter) (Depths:4)
  26 jumping spiders
  An ettin zombie (Crypt:2)
  A meliai zombie (Crypt:1)
  A naga simulacrum (Crypt:2)
  A guardian serpent skeleton (Crypt:2)
  3 shadows
  A culicivora (shapeshifter) (Lair:5)
  9 spriggans
  4 air elementals
  18 culicivoras
  A slime creature zombie (Crypt:3)
  63 yaks
  2 water elementals
  5 wraiths
  5 basilisks
  A basilisk (shapeshifter) (D:13)
  4 wyverns
  3 fire elementals
  Eustachio (D:4)
  4 fire bats
  9 golden eyes
  5 hogs
  3 steam dragons (Swamp:4)
  51 redbacks
  4 vampire mosquitoes (D:13)
  12 swamp worms
  A deep troll zombie (Crypt:3)
  A swamp worm (shapeshifter) (Depths:1)
  An acid dragon (D:11)
  5 wargs
  A deep troll skeleton (Crypt:1)
  6 water moccasins
  A glowing shapeshifter skeleton (Crypt:1)
  A floating eye (Slime:5)
  A hell hound (Depths:3)
  5 swamp drakes (Swamp:4)
  33 orc warriors
  An ice beast (D:6)
  2 black bears
  3 boggarts (D:15)
  10 ogres
  34 wolves
  19 centaurs
  3 phantoms
  3 kobold brigands
  An elf zombie (Ossuary)
  15 bullfrogs
  A cyclops zombie (Crypt:2)
  2 earth elementals
  2 gnoll sergeants (D:13)
  6 scorpions
  17 wights
  Dowan (D:5)
  A warg skeleton (Crypt:1)
  22 killer bees
  A queen bee zombie (Crypt:1)
  7 electric eels
  A centaur zombie (Ossuary)
  7 small abominations (Lair:5)
  A lava snake (Swamp:4)
  A crimson imp (D:1)
  A hound (D:5)
  21 orc priests
  2 gnoll boudas
  25 jellies
  Ijyb (D:5)
  An iguana (D:6)
  30 orc wizards
  4 hell rats (Lair:1)
  2 lightning spires (Swamp:2)
  2 hound zombies (Ossuary)
  3 mummies (Ossuary)
  5 adders
  18 gnolls
  2 white imps (D:6)
  An adder skeleton (Crypt:1)
  2 worms
  3 dart slugs
  76 orcs
  5 ball pythons
  5 endoplasms
  3 giant cockroaches
  2 gnoll zombies (Ossuary)
  5 goblins
  9 hobgoblins
  3 jackals
  28 kobolds
  7 quokkas
  A ball python skeleton (Crypt:2)
  15 bats
  4 frilled lizards
  A gnoll skeleton (Crypt:2)
  7 goblin zombies (Ossuary)
  3 hobgoblin zombies (Ossuary)
  3 jackal zombies (Ossuary)
  2 kobold zombies (Ossuary)
  4 quokka zombies (Ossuary)
  5 rats
  4 rat zombies (Ossuary)
  3 bushes (Lair:3)
  A butterfly (Swamp:4)
  A fire vortex (Zot:3)
2133 creatures vanquished.

Vanquished Creatures (collateral kills)
  An ancient lich (Zot:5)
  3 dread liches
  7 Orb Guardians (Zot:5)
  A lich (Depths:3)
  4 acid blobs
  2 shadow dragons
  A tengu reaver (Depths:4)
  A storm dragon (Zot:5)
  A revenant (Crypt:3)
  A draconian scorcher (Zot:4)
  An angel (Zot:5)
  A ghoul (Crypt:3)
  3 very ugly things (Depths:3)
  A draconian stormcaller (Zot:5)
  2 green draconians
  A purple draconian (Zot:5)
  A vampire knight (Crypt:2)
  A yellow draconian (Zot:5)
  A two-headed ogre (D:9)
  A soul eater (Zot:1)
  An iron giant skeleton (Crypt:2)
  2 slime creatures (Slime:5)
  An orange demon (Zot:5)
  A green draconian skeleton (Crypt:2)
  3 yaks (Lair:1)
  A golden eye (Slime:3)
  An orc warrior (D:9)
  A bullfrog (Lair:1)
  3 wights (Crypt:3)
  4 jellies (Zot:1)
  A hell rat (Lair:1)
  2 orcs
56 creatures vanquished.

Vanquished Creatures (others)
  2 dread liches (Zot:5)
  3 ancient liches (Zot:5)
  2 Killer Klowns (Zot:5)
  A golden dragon (Zot:5)
  An electric golem (Zot:5)
  A tentacled monstrosity (Zot:5)
  15 Orb Guardians (Zot:5)
  A death cob (Zot:5)
  A storm dragon (Zot:5)
  2 draconian monks (Zot:5)
  A green draconian (Zot:5)
  A red draconian (Zot:5)
  A ghost crab (Swamp:2)
  A deep elf knight (Elf:2)
  3 deep elf pyromancers
  A deep elf zephyrmancer (Elf:1)
  A moth of wrath (Zot:5)
  A hellwing (Zot:5)
  A bloated husk (Swamp:2)
  An air elemental (Elf:2)
  2 steam dragons (Swamp:4)
  A swamp drake (Swamp:4)
  2 ball lightnings (Swamp:2)
  259 fire vortices
  18 foxfires
  49 fungi
  100 plants
  2 withered plants (Elf:2)
474 creatures vanquished.

Grand Total: 2663 creatures vanquished

Notes
Turn   | Place    | Note
-------+----------+-------------------------------------------
     0 | D:1      | freelancePsychic the Barachi Arcane Marksman began the
                  | quest for the Orb.
     0 | D:1      | Reached XP level 1. HP: 15/15 MP: 2/2
   186 | D:1      | Reached XP level 2. HP: 16/21 MP: 3/3
   814 | D:1      | Reached skill level 1 in Ice Magic
  1169 | D:2      | Reached XP level 3. HP: 16/27 MP: 4/4
  1299 | D:2      | Found a faded altar of an unknown god.
  2054 | D:2      | Learned a level 3 spell: Frozen Ramparts
  2079 | D:3      | Found an opulent altar of Gozag.
  2092 | D:3      | Became a worshipper of Gozag Ym Sagoz the Greedy
  2250 | D:3      | Noticed a black bear
  2380 | D:3      | Found a transporter.
  2383 | D:3      | Noticed Chatter's ghost (amateur GrEE)
  2387 | D:3      | Noticed Grinder
  2466 | D:3      | Reached XP level 4. HP: 31/33 MP: 6/6
  2500 | D:3      | Got Gasom's Book of Attacks
  2772 | D:3      | Reached XP level 5. HP: 21/38 MP: 3/7
  3110 | D:3      | Found a transporter.
  3676 | D:4      | Reached skill level 5 in Ice Magic
  3979 | D:4      | Found a radiant altar of Vehumet.
  3979 | D:4      | Noticed a charred statue
  4060 | D:4      | Found a snail-covered altar of Cheibriados.
  4131 | D:4      | Found a sacrificial altar of Ru.
  4166 | D:5      | Entered Level 5 of the Dungeon
  4193 | D:5      | Reached XP level 6. HP: 28/44 MP: 4/8
  4196 | D:5      | Noticed Duvessa
  4257 | D:5      | Noticed Ijyb
  4294 | D:5      | Noticed Prince Ribbit
  4317 | D:5      | Killed Prince Ribbit
  4318 | D:5      | Reached XP level 7. HP: 23/49 MP: 2/9
  4323 | D:5      | Reached skill level 1 in Stealth
  4389 | D:5      | Found a sand-covered staircase.
  4439 | Ossuary  | Entered an ossuary
  4486 | Ossuary  | Reached skill level 1 in Short Blades
  4575 | Ossuary  | Reached XP level 8. HP: 38/58 MP: 7/11
  4906 | D:5      | Noticed Eustachio
  5162 | D:4      | Killed Eustachio
  5212 | D:5      | Noticed Dowan
  5234 | D:5      | Banished Duvessa
  5239 | D:5      | Killed Dowan
  5278 | D:5      | Noticed Edmund
  5326 | D:5      | Killed Ijyb
  5588 | D:5      | Banished Edmund
  5589 | D:5      | Reached skill level 5 in Short Blades
  5910 | D:5      | Reached skill level 5 in Fighting
  5916 | D:5      | Reached XP level 9. HP: 43/68 MP: 6/12
  6348 | D:6      | Reached skill level 1 in Conjurations
  6348 | D:6      | Reached skill level 1 in Fire Magic
  6878 | D:6      | Identified the +2 pair of boots of Ynask {rElec}
  7873 | D:7      | Noticed a hornet
  7897 | D:7      | Found a staircase to the Ecumenical Temple.
  8002 | D:7      | Noticed a two-headed ogre
  8122 | D:7      | Found a flagged portal.
  8130 | Bailey   | Entered a bailey
  8370 | Bailey   | Noticed an orc knight
  8400 | Bailey   | Identified the +4 hand axe "Exocwuikk" {speed, Str+2 Int+5}
  8535 | Bailey   | Killed an orc knight
  8536 | Bailey   | Reached skill level 5 in Conjurations
  8536 | Bailey   | Reached skill level 5 in Fire Magic
  8536 | Bailey   | Reached XP level 10. HP: 77/77 MP: 14/14
  9080 | D:7      | Found Mamogie's Gadget Gallery.
  9835 | D:5      | Bought the Incunabulum of Fire for 416 gold pieces
  9841 | D:5      | Learned a level 5 spell: Fireball
 10126 | D:8      | Noticed a two-headed ogre
 10155 | D:8      | Killed a two-headed ogre
 10652 | D:8      | Found a staircase to the Lair.
 11386 | D:9      | Found a stormy altar of Qazlal.
 11401 | D:9      | Noticed a two-headed ogre
 11443 | D:9      | Killed a two-headed ogre
 11822 | D:9      | Reached skill level 5 in Dodging
 12034 | D:9      | Reached XP level 11. HP: 84/85 MP: 15/15
 12661 | D:10     | Entered Level 10 of the Dungeon
 12667 | D:10     | Noticed Sonja
 12674 | D:10     | Killed Sonja
 13479 | D:10     | Found a bloodstained altar of Trog.
 13701 | D:10     | Identified the +9 war axe "Najebbom" {vorpal, rPois rC+
                  | Str+2}
 14065 | D:10     | Noticed a two-headed ogre
 14070 | D:10     | Killed a two-headed ogre
 14414 | D:11     | Found a staircase to the Orcish Mines.
 14634 | D:11     | Noticed a two-headed ogre
 14646 | D:11     | Killed a two-headed ogre
 14859 | D:11     | Found Xioniu's Weapon Boutique.
 14904 | D:11     | Found Hidata's Weapon Shoppe.
 14967 | D:11     | Found Ucyghuyh's Weapon Shop.
 15154 | D:11     | Found Pyenataa's Armour Boutique.
 15247 | D:11     | Noticed a six-headed hydra
 15248 | D:11     | Noticed a seven-headed hydra
 15278 | D:11     | Killed a six-headed hydra
 15280 | D:11     | Killed a seven-headed hydra
 15465 | D:11     | Found Ohulo's Jewellery Shop.
 15473 | D:11     | Bought a +6 ring of intelligence for 540 gold pieces
 15662 | Lair:1   | Entered Level 1 of the Lair of Beasts
 15670 | Lair:1   | Reached XP level 12. HP: 65/95 MP: 13/17
 15732 | Lair:1   | You fall into a shaft and drop 1 floor!
 15770 | Lair:2   | Noticed an eight-headed hydra
 15776 | Lair:2   | Reached skill level 10 in Conjurations
 15778 | Lair:2   | Reached skill level 10 in Fire Magic
 15778 | Lair:2   | Banished an eight-headed hydra
 15814 | Lair:2   | Noticed Nergalle
 15919 | Lair:1   | Found a dark tunnel.
 15951 | Volcano  | Entered a volcano
 17497 | Lair:1   | Reached skill level 5 in Spellcasting
 17898 | Lair:2   | Noticed a seven-headed hydra
 17921 | Lair:2   | Killed a seven-headed hydra
 17922 | Lair:2   | Reached skill level 10 in Fighting
 18074 | Lair:2   | Noticed Maggie
 18077 | Lair:2   | Noticed Erica
 18081 | Lair:2   | Banished Maggie
 18085 | Lair:2   | Killed Erica
 18124 | Lair:2   | Killed Nergalle
 18125 | Lair:2   | Gained mutation: You can hop long distances. [Barachi
                  | growth]
 18125 | Lair:2   | Reached XP level 13. HP: 58/103 MP: 18/21
 18164 | Lair:2   | Noticed Gastronok
 18312 | Lair:2   | Killed Gastronok
 18478 | Lair:2   | Found a staircase to the Swamp.
 18943 | Lair:2   | Identified a scroll of acquirement
 18944 | Lair:2   | Acquired the ring "Ixtacad" {Wiz Int+3}
 20070 | Lair:3   | Found a hole to the Spider Nest.
 21959 | Lair:4   | Reached skill level 1 in Armour
 22112 | Lair:4   | Reached XP level 14. HP: 113/113 MP: 8/24
 23325 | Lair:4   | Found a viscous altar of Jiyva.
 23325 | Lair:4   | Found a staircase to the Slime Pits.
 23770 | Lair:5   | Entered Level 5 of the Lair of Beasts
 26901 | Lair:5   | Reached XP level 15. HP: 47/122 MP: 4/27
 27214 | Lair:5   | Reached skill level 5 in Armour
 28485 | Orc:1    | Entered Level 1 of the Orcish Mines
 28950 | Orc:2    | Entered Level 2 of the Orcish Mines
 30932 | Orc:2    | Found a staircase to the Elven Halls.
 31025 | Orc:2    | Found a runed translucent door.
 31026 | Orc:2    | Found a shimmering altar of Xom.
 31026 | Orc:2    | Noticed SirLogeyBear's ghost (journeyman HOBe)
 31086 | Orc:2    | Found Fifut's General Store.
 31086 | Orc:2    | Found Jonox's Magic Scroll Shop.
 31089 | Orc:2    | Found Colaydots's Assorted Antiques.
 31091 | Orc:2    | Found Ilickaf's Antique Weapon Emporium.
 31378 | Orc:2    | Bought a +0 cloak for 58 gold pieces
 31397 | Orc:2    | Bought a +2 buckler of poison resistance for 240 gold
                  | pieces
 31538 | Orc:2    | Bought a scroll of teleportation for 54 gold pieces
 31538 | Orc:2    | Bought a scroll of blinking for 135 gold pieces
 31538 | Orc:2    | Bought a scroll of butterflies for 72 gold pieces
 31570 | Orc:1    | Noticed an orc warlord
 31771 | D:12     | Reached skill level 1 in Shields
 32007 | D:12     | Got the Catalogue of Reformation
 32094 | D:12     | Noticed Maurice
 32097 | D:12     | Killed Maurice
 32299 | D:12     | Identified the +4 short sword of Utigesil {venom, Dex+3}
 32773 | D:12     | Found Jasegu's Weapon Shop.
 33286 | D:13     | Noticed Rupert
 33327 | D:13     | You fall into a shaft and drop 1 floor!
 34420 | D:13     | Reached skill level 15 in Fire Magic
 34488 | D:13     | Reached skill level 15 in Conjurations
 34959 | D:13     | Reached skill level 5 in Shields
 36952 | D:14     | Identified the +4 dagger of Qaskemes {drain, rC- Int+4}
 37276 | D:14     | Found a gate to the Vaults.
 37350 | D:15     | Entered Level 15 of the Dungeon
 37591 | D:15     | Reached XP level 16. HP: 119/134 MP: 13/29
 37931 | D:14     | HP: 2/134 [rakshasa/lance of force (34)]
 38313 | D:15     | Reached skill level 15 in Fighting
 38662 | D:15     | Found a glowing golden altar of the Shining One.
 38907 | D:15     | Found a staircase to the Depths.
 39523 | D:13     | Reached skill level 10 in Dodging
 39740 | Spider:1 | Entered Level 1 of the Spider Nest
 39918 | Spider:1 | Identified the +4 scale mail "Tidghonu" {rF+ rC+ rCorr}
 40793 | Spider:1 | Acquired the +1 helmet of Pandemonium {Str+2 Dex+3}
 41125 | Swamp:1  | Entered Level 1 of the Swamp
 43467 | Swamp:2  | Identified the +1 ring mail "Hav Fae" {Fly MP+9}
 43663 | Swamp:2  | Found a runed translucent door.
 44934 | Swamp:2  | Reached skill level 10 in Short Blades
 44942 | Swamp:2  | Reached XP level 17. HP: 135/142 MP: 1/30
 46350 | Swamp:3  | Identified the +6 rapier "Tuoxuapug" {flame, rElec Dex+2}
 46718 | Swamp:4  | Entered Level 4 of the Swamp
 46738 | Swamp:3  | Reached skill level 10 in Armour
 48088 | Swamp:4  | Noticed Bai Suzhen
 48269 | Swamp:3  | Banished Bai Suzhen
 49402 | Swamp:4  | Noticed Kirke
 49945 | Swamp:3  | Banished Kirke
 51030 | Swamp:4  | Got a decaying rune of Zot
 51307 | Lair:2   | Learned a level 6 spell: Starburst
 52532 | Spider:2 | Reached XP level 18. HP: 149/149 MP: 24/31
 53100 | Spider:2 | Identified the +1 ring mail of Indestructible Liberty {rC+
                  | rCorr}
 58277 | Spider:4 | Entered Level 4 of the Spider Nest
 59246 | Spider:4 | Reached XP level 19. HP: 128/155 MP: 19/32
 59657 | Spider:4 | Acquired 940 gold pieces
 62136 | Spider:4 | Got a gossamer rune of Zot
 62472 | Elf:1    | Entered Level 1 of the Elven Halls
 62687 | Elf:1    | Paralysed by an air elemental for 1 turns
 63294 | Elf:1    | Paralysed by an air elemental for 1 turns
 63298 | Elf:1    | Paralysed by an air elemental for 1 turns
 64337 | Elf:1    | Paralysed by an air elemental for 1 turns
 64499 | Elf:1    | Learned a level 9 spell: Fire Storm
 65216 | Elf:2    | Noticed UCchamp's ghost (adept MeFi)
 65216 | Elf:2    | Noticed Zenata
 65216 | Elf:2    | Identified Roxanne's Omnibus of Metal
 65216 | Elf:2    | Noticed Roxanne
 65216 | Elf:2    | Found a runed translucent door.
 66003 | Elf:2    | Found a runed translucent gate.
 66004 | Elf:2    | Found a runed translucent gate.
 66004 | Elf:2    | Found a runed translucent gate.
 66661 | Elf:2    | Banished Zenata
 66857 | Elf:3    | Entered Level 3 of the Elven Halls
 66874 | Elf:2    | Reached XP level 20. HP: 164/164 MP: 15/33
 67283 | Elf:3    | Paralysed by an air elemental for 1 turns
 67287 | Elf:3    | Paralysed by an air elemental for 1 turns
 68441 | Elf:3    | Identified the +1 quarterstaff of Honour {venom, rElec rF-
                  | SInv Stlth-}
 68441 | Elf:3    | Identified the +5 rapier of Turmoil {pain, +Blink rF- rCorr
                  | Int+5}
 68882 | Elf:3    | Noticed a Brimstone Fiend
 69095 | Elf:3    | Identified the +3 scimitar "Qihyittu" {flame, rN++ Stlth-}
 69458 | Elf:3    | Got Xubuxisu's Monograph on Bewitching Sinister Arts
 69497 | Elf:3    | Identified the +0 helmet of Celucu Elum {rF+ Int+2}
 69519 | Elf:3    | Got the Secrets of the Iceberg
 69760 | Elf:3    | Found an ancient bone altar of Kikubaaqudgha.
 70187 | Vaults:1 | Entered Level 1 of the Vaults
 70385 | Vaults:1 | Noticed Nikola
 70400 | Vaults:1 | Killed Nikola
 70500 | Vaults:1 | Reached skill level 10 in Spellcasting
 70526 | Vaults:1 | Reached XP level 21. HP: 97/172 MP: 18/35
 72484 | Vaults:2 | Noticed Donald
 72493 | Vaults:2 | Killed Donald
 72676 | Vaults:2 | Gained mutation: You occasionally shout uncontrollably at
                  | your foes. [mutagenic glow]
 73651 | Vaults:2 | Found a staircase to the Crypt.
 74562 | Vaults:2 | Found a portal to a secret trove of treasure.
 74617 | Vaults:2 | Noticed Boris
 75045 | Vaults:2 | Killed Boris
 77216 | Vaults:4 | Found a magical portal.
 77221 | WizLab   | Entered Yara's Duelist Academy
 77697 | WizLab   | Reached XP level 22. HP: 169/183 MP: 14/37
 77860 | WizLab   | Noticed Xeolorhy
 77865 | WizLab   | Killed Xeolorhy the Head Instructor
 78019 | WizLab   | Learned a level 7 spell: Orb of Destruction
 78253 | Vaults:4 | Identified the +1 scimitar of Riecs {flame, *Rage rC+ Str+5
                  | Int+3}
 79180 | Vaults:4 | Noticed Boris
 79187 | Vaults:4 | Killed Boris
 79471 | Vaults:4 | Found Neakeyf's Assorted Antiques.
 79666 | Vaults:4 | Bought a potion of magic for 280 gold pieces
 80363 | Crypt:1  | Entered Level 1 of the Crypt
 81543 | Depths:1 | Entered Level 1 of the Depths
 81780 | Depths:1 | Gained mutation: You are weak. (Str -2) [mutagenic glow]
 82033 | Depths:1 | Noticed AverageBear's ghost (adept OpFi)
 82036 | Depths:1 | Noticed Igaxtu's ghost (veteran HOFi)
 82037 | Depths:1 | Noticed a caustic shrike
 82052 | Depths:1 | Found a transporter.
 82055 | Depths:1 | Noticed safid's ghost (adept MfIE)
 82241 | Depths:1 | Found a transporter.
 82671 | Depths:1 | Found a gateway to Hell.
 82920 | Depths:1 | Found a one-way gate leading to the halls of Pandemonium.
 83009 | Depths:1 | Found an iron altar of Okawaru.
 83176 | Depths:1 | Found a shimmering blue altar of Sif Muna.
 83317 | Depths:1 | Reached XP level 23. HP: 176/192 MP: 27/39
 84262 | Depths:2 | Noticed a juggernaut
 84266 | Depths:2 | Killed a juggernaut
 84777 | Depths:2 | Found a one-way gate to the infinite horrors of the Abyss.
 85099 | Depths:3 | Noticed a golden dragon
 85104 | Depths:3 | Killed a golden dragon
 85809 | Depths:3 | Identified the +5 flail "Kerom" {vorpal, rPois Dex+6}
 86835 | Depths:4 | Entered Level 4 of the Depths
 86851 | Depths:4 | Found a flickering gateway to a bazaar.
 86852 | Depths:4 | Noticed the Enchantress
 86855 | Bazaar   | Entered a bazaar
 86855 | Bazaar   | Found Ukhaonk's Antique Armour Shoppe.
 86855 | Bazaar   | Found Dygukac's Antique Weapon Emporium.
 86909 | Bazaar   | Found Usyi's Weapon Emporium.
 86910 | Bazaar   | Found Beilleupt's Book Shoppe.
 86950 | Depths:4 | Killed the Enchantress
 87300 | Depths:4 | Noticed Saint Roka
 87579 | Depths:4 | Killed Saint Roka
 87847 | Depths:4 | Reached XP level 24. HP: 201/202 MP: 5/40
 88248 | Vaults:2 | You paid a toll of a +7 demon whip to enter a treasure
                  | trove
 88249 | Trove    | Entered a treasure trove
 88251 | Trove    | Found the +14 obsidian axe {vorpal, Mesm Drain Fly SInv}
 88253 | Trove    | Identified the +9 arbalest of Context {vorpal, Dex+7}
 88257 | Trove    | Identified the +4 dagger of Devotion {vorpal, Fly}
 88260 | Trove    | Identified the +4 spear "Wogei" {antimagic, rPois rN+
                  | Int+4}
 88812 | Depths:4 | Noticed an ancient lich
 88813 | Depths:4 | Found a one-way gateway to a ziggurat.
 88813 | Depths:4 | Noticed an ancient lich
 88817 | Depths:4 | Killed an ancient lich
 88818 | Depths:4 | Killed an ancient lich
 89478 | Depths:4 | Found a gate to the Realm of Zot.
 89590 | Depths:4 | Found a sacrificial altar of Ru.
 89635 | Depths:4 | Found an ornate altar of the Wu Jian Council.
 90167 | Crypt:1  | Noticed a dread lich
 90259 | Crypt:1  | Found a transporter.
 90319 | Crypt:1  | Found a transporter.
 90724 | Crypt:1  | Killed a dread lich
 90804 | Crypt:1  | Identified the +0 pair of gloves "Jife Vuxzev" {SInv}
 91114 | Crypt:2  | Reached skill level 1 in Staves
 91423 | Crypt:2  | Noticed Grunn
 91427 | Crypt:2  | Reached skill level 15 in Armour
 91427 | Crypt:2  | Killed Grunn
 91948 | Crypt:3  | Entered Level 3 of the Crypt
 92012 | Crypt:3  | Identified the +3 scale mail of Jule {Str+5 Int+2}
 92206 | Crypt:3  | Reached skill level 5 in Staves
 92442 | Crypt:3  | Noticed an ancient lich
 92446 | Crypt:3  | Killed an ancient lich
 92446 | Crypt:3  | Noticed Vv
 92452 | Crypt:3  | Acquired 851 gold pieces
 92479 | Crypt:3  | Noticed a curse toe
 92487 | Crypt:3  | Killed a curse toe
 93202 | Slime:1  | Entered Level 1 of the Pits of Slime
 93747 | Slime:2  | Reached XP level 25. HP: 210/210 MP: 13/41
 94238 | Slime:3  | Reached skill level 15 in Spellcasting
 95080 | Slime:5  | Entered Level 5 of the Pits of Slime
 95098 | Slime:5  | Noticed the Royal Jelly
 95104 | Slime:5  | Killed the Royal Jelly
 95183 | Slime:5  | Paralysed by a floating eye for 4 turns
 95597 | Slime:5  | Identified the +1 leather armour "Xeunylo" {Int+8}
 95606 | Slime:5  | Learned a level 5 spell: Irradiate
 95625 | Slime:5  | Identified the +8 broad axe of Lies {vamp, Will+ Dex+6}
 95663 | Slime:5  | Got a slimy rune of Zot
 95673 | Slime:5  | Identified the +7 broad axe of Hutelu {freeze, *Noise rPois
                  | Int+2}
 95696 | Slime:5  | Identified the ring of Giashrar {Wiz rC- Will+ MP+9}
 96231 | Zot:1    | Entered Level 1 of the Realm of Zot
 96300 | Zot:1    | Lost mutation: You are weak. (Str -2) [potion of mutation]
 96300 | Zot:1    | Lost mutation: You occasionally shout uncontrollably at
                  | your foes. [potion of mutation]
 96300 | Zot:1    | Gained mutation: Your mind is acute. (Int +4, Str/Dex -1)
                  | [potion of mutation]
 96300 | Zot:1    | Gained mutation: You have hidden genetic potential. [potion
                  | of mutation]
 96300 | Zot:1    | Gained mutation: Your spells are a little easier to cast,
                  | but a little less powerful. [potion of mutation]
 96429 | Zot:1    | Reached skill level 1 in Transmutations
 96692 | Zot:1    | Noticed Parghit
 96724 | Zot:1    | Killed Parghit
 96725 | Zot:1    | Reached skill level 1 in Evocations
 97727 | Zot:1    | Reached skill level 5 in Transmutations
 97797 | Zot:1    | Reached skill level 5 in Evocations
 98260 | Zot:1    | Reached XP level 26. HP: 216/218 MP: 25/42
 99101 | Zot:3    | Noticed a juggernaut
 99102 | Zot:3    | Noticed a Killer Klown
 99124 | Zot:3    | Noticed a Killer Klown
 99124 | Zot:3    | Noticed a Killer Klown
 99124 | Zot:3    | Noticed a Killer Klown
 99124 | Zot:3    | Noticed a Killer Klown
 99128 | Zot:3    | Killed a Killer Klown
 99128 | Zot:3    | Killed a Killer Klown
 99129 | Zot:3    | Killed a Killer Klown
 99131 | Zot:3    | Killed a Killer Klown
 99131 | Zot:3    | Killed a Killer Klown
100002 | Zot:3    | Killed a juggernaut
100326 | Zot:3    | Gained mutation: You have a beak for a mouth. [hidden
                  | potential]
102863 | Zot:5    | Entered Level 5 of the Realm of Zot
102880 | Zot:5    | Noticed an ancient lich
102881 | Zot:5    | Noticed a Killer Klown
102895 | Zot:5    | Noticed a dread lich
102895 | Zot:5    | Noticed an orb of fire
102895 | Zot:5    | Noticed an ancient lich
102896 | Zot:5    | Noticed a Killer Klown
102896 | Zot:5    | Noticed an ancient lich
102897 | Zot:5    | Noticed a dread lich
102897 | Zot:5    | Noticed an ancient lich
102900 | Zot:5    | Noticed an orb of fire
102911 | Zot:5    | Reached XP level 27. HP: 200/224 MP: 34/42
102922 | Zot:5    | Got the Orb of Zot
102951 | Zot:5    | Killed an ancient lich
102957 | Zot:5    | Killed a dread lich
102958 | Zot:5    | Killed a dread lich
102959 | Zot:5    | Killed a dread lich
102962 | Zot:5    | Noticed an ancient lich
102998 | Zot:3    | Noticed Epooz the pandemonium lord
102998 | Zot:3    | Noticed an ancient lich
103182 | Depths:3 | Reached skill level 27 in Conjurations
103182 | Depths:3 | Reached skill level 27 in Fire Magic
103511 | D:1      | Noticed Purgh the pandemonium lord
103511 | D:1      | Noticed an ancient lich
103514 | D:1      | Killed an ancient lich
103516 | D:1      | Killed Purgh the pandemonium lord
103539 | D:$      | Escaped with the Orb!

Illustrated notes

Levels and vault maps discovered:
D:1:      nicolae_arrival_somewhat_less_tricky_arrival, layout_loops_ring
D:2:      minmay_door_path, layout_loops_ring, serial_aquarium,
          aquarium_bridge_island_small [aquarium_subvault_small_open,
          aquarium_subvault_wall, aquarium_subvault_bridge,
          aquarium_subvault_balcony, aquarium_subvault_bridge],
          aquarium_window_fake, aquarium_window_fake, aquarium_view_2b,
          dreamdust_ecumenical_altar_grove, st_stairs_14, minmay_pentomino_p2
D:3:      layout_basic, grunt_gozag_statues, gammafunk_ghost_stat_death,
          uniq_grinder
D:4:      cheibrodos_old_hovel, layout_rooms, mainiacjoe_overflow_alcove_4,
          old_standard_altar, vehumet_statue
D:5:      layout_cave_pools, lightli_ossuary_entry_decrepit_ruins,
          portal_sewer_entry_f, uniq_edmund, uniq_prince_ribbit1, uniq_duvessa,
          uniq_ijyb, uniq_eustachio
D:6:      layout_basic
D:7:      layout_loops_ring, minmay_temple_entry_offerings, enter_bailey_2,
          chequers_serial_rivers_micro_c, nicolae_shop_gadgets
D:8:      layout_rooms, lair_entry_dummy, hangedman_decor_push
D:9:      layout_loops_ring, nicolae_qazlal_style_of_elements, roderic_batcave
D:10:     layout_stronghold, mainiacjoe_overflow_tiny_flanked, uniq_sonja
D:11:     layout_small_grid, orc_0_dummy, serial_shops,
          nicolae_shop_hallway_stairs, shop, kennysheep_mini, shop,
          nicolae_shop_stone
D:12:     layout_stronghold, serial_shops, nicolae_square_shop, uniq_maurice
D:13:     layout_loops_cross, minmay_hollow_rounded_squares, uniq_rupert
D:14:     layout_irregular_city, david_vaults_4, minmay_misc_feat_four_crosses
D:15:     hangedman_depths_entry_try_elsewhere_first, layout_loops_ring,
          lemuel_doored_altar
Lair:1:   layout_cave_pods, nicolae_volcano_entry_lava_flow,
          nicolae_quartered_pool_super, cheibrodos_lair_reptile_den
Lair:2:   nzn_winding_woodlands_small [nzn_winding_woodlands_5x15_concentric,
          nzn_winding_woodlands_center_pierced_h,
          nzn_winding_woodlands_5x15_crooked], layout_chaotic_city,
          swamp_mist_pool, minmay_shattered_shrine, lemuel_fruit_tree,
          uniq_gastronok, uniq_maggie, uniq_nergalle, uniq_erica
Lair:3:   layout_chaotic_city, nicolae_spider_entry_orb_guardian,
          chequers_serial_rivers_micro_b, serial_bayou_shore_b,
          grunt_megastairs_1, serial_bayou_shore_b
Lair:4:   layout_roguey, minmay_slime_entry_pillars,
          chequers_serial_rivers_small_b, serial_bayou_shore_a
Lair:5:   hellmonk_lair_end_abyssal_woods, layout_regular_city
Swamp:1:  layout_basic_swamp, infiniplex_staircase_pool
Swamp:2:  gammafunk_mikee_crab_dinner, layout_falls_marsh, hangedman_swamp_pad,
          hangedman_swamp_phenomena
Swamp:3:  layout_basic_swamp, serial_swamp_ruin, evilmike_swamp_ruin_house_3,
          evilmike_swamp_ruin_rubble_2, evilmike_swamp_ruin_house_1, swamp_pool4
Swamp:4:  swamp_fiery, layout_basic_swamp, swamp_pool2,
          nicolae_swamp_frolicking_bunyips, uniq_kirke, uniq_bai_suzhen
Spider:1: layout_spider_delve, drop_trap, hangedman_spider_tarantella_strand
Spider:2: layout_spider_delve
Spider:3: spider_temple_joshua, special_room [special_room_bee],
          nicolae_spider_bzzzt
Spider:4: spider_rune_water
Slime:1:  layout_caves, nicolae_slime_phagocytosis
Slime:2:  layout_caves, cheibrodos_slime_lost_civilization_6
Slime:3:  layout_caves, uniq_dissolution
Slime:4:  layout_caves
Slime:5
Orc:1:    layout_caves
Orc:2:    st_orc_rangers, layout_caves, ebering_ghost_xom
Elf:1:    nicolae_elf_arrival_fired_up, layout_loops_corners, minivault_28,
          nicolae_elf_w_pinch
Elf:2:    nicolae_elf_blades_crystal_corner, layout_geoelf_grid,
          gammafunk_ghost_grave, uniq_louise, uniq_zenata, uniq_roxanne
Elf:3:    minmay_elf_hall_not_hex, layout_rooms, lemuel_statue_altar,
          hangedman_corner_corridor
Vaults:1: vaults_room_pools, vaults_room_pool, nicolae_vaults_alarming,
          v_misc_2, hangedman_vaults_stream, nicolae_vaults_network_star,
          vaults_room_grunt_arrival_ludios, nicolae_vaults_ring_of_whatevers,
          vaults_standard_mumra_lines, ontoclasm_vaults_fault,
          hangedman_vaults_impose, layout_vaults_ring, uniq_nikola
Vaults:2: vaults_dpeg_cross, vaults_room_door_hall, ontoclasm_vaults_twist,
          vaults_room_hallway, minmay_crypt_entry_simple_sparse, v_misc_26,
          nicolae_vaults_asterisk, nicolae_vaults_mini_display_case,
          ontoclasm_vaults_eye, layout_vaults_chaotic_city,
          nicolae_trove_entry_columns, uniq_boris, uniq_donald
Vaults:3: st_hourglassy, nicolae_vaults_triangles, v_misc_19,
          ontoclasm_vaults_decontamination, v_misc_22, nicolae_vaults_theta,
          v_alt_pattern_2, vaults_room_semicircle, v_misc_25, vaults_dpeg_ring,
          nicolae_vaults_theta, layout_vaults_omnicross
Vaults:4: mu_enter_wizlab_2, v_rooms_6, hangedman_vaults_nodes,
          nicolae_vaults_theta, nicolae_vaults_rhombus_6,
          vaults_room_glass_cross, v_pattern_1, v_misc_33,
          hangedman_vaults_trim, ontoclasm_vaults_ring_small,
          ontoclasm_vaults_chip, ontoclasm_vaults_ring_small,
          layout_vaults_maze, serial_shops, nicolae_lakefront_shop
Crypt:1:  gammafunk_the_bubble [the_bubble_gammafunk_crates],
          layout_misc_corridors
Crypt:2:  layout_regular_city, uniq_margery, uniq_grunn
Crypt:3:  due_elkab, layout_chaotic_city, uniq_vv
Depths:1: layout_long_grid, pan_entry, nzn_ghost_randoct, lemuel_blue_sif_altar,
          pf_dread_powers_of_hell, st_stairs_5, kennysheep_okawaru_gauntlet,
          firewood_loft
Depths:2: kennysheep_big_flooded_room, layout_cave_shapes, grunt_decor_junction,
          hell_entry, abyss_entry, grunt_pan_entry_sceptre
Depths:3: minmay_glassy_protrusions, layout_cave_shapes, pf_coc_iceberg,
          abyss_entry, infiniplex_staircase_door_maze, serial_bayou_shore_b,
          grunt_megastairs_4
Depths:4: grunt_zot_entry_gee_three, layout_cross, enter_ziggurat_c, hell_entry,
          nzn_wu_jian_contemplation, serial_shops, bzr_entry_safe,
          nicolae_ru_path_of_blood, uniq_saint_roka, uniq_enchantress
Zot:1:    lemuel_acid_trip, layout_onion_interference, bh_zot_ikea_curve,
          uniq_parghit
Zot:2:    layout_misc_corridors, nicolae_shop_clearance
Zot:3:    ebering_greatest_show_in_zot, layout_concentric_octagons
Zot:4:    kennysheep_room_grid, layout_onion
Zot:5:    layout_basic, nicolae_lava_and_water

Skill      XL: |  1  2  3  4  5  6  7  8  9 10 11 12 13 14 15 16 17 18 19 20 21 22 23 24 25 26 27 |
---------------+----------------------------------------------------------------------------------+-----
Ice Magic      | 1 3 4 6 8 |  8.4
Fighting       | 3 5 6 7 9 10 11 12 14 15 16 17 18 19 20 | 20.5
Stealth        | 2 4 |  4.0
Spellcasting   | 2 3 5 6 8 9 10 11 12 13 14 15 | 15.0
Short Blades   | 2 5 10 | 10.0
Conjurations   | 5 7 9 11 12 14 15 16 18 19 20 22 23 24 26 27 | 27.0
Fire Magic     | 5 7 9 11 12 14 15 16 18 19 20 22 23 24 25 26 27 | 27.0
Dodging        | 3 5 6 8 9 10 11 12 | 12.0
Armour         | 1 4 5 9 12 14 15 18 | 18.0
Shields        | 5 |  5.0
Staves         | 7 |  7.4
Transmutations | 6 |  6.2
Evocations     | 5 |  5.4
Ranged Weapons | |  2.5
Hexes          | |  3.2

Action                   |  1- 3 |  4- 6 |  7- 9 | 10-12 | 13-15 | 16-18 | 19-21 | 22-24 | 25-27 || total
-------------------------+-------+-------+-------+-------+-------+-------+-------+-------+-------++-------
Melee: Short sword       |    53 |    64 |   296 |   375 |   673 |  1081 |   776 |       |       ||  3318
       Punch             |       |       |     2 |     5 |    10 |       |       |       |       ||    17
       Staff             |       |       |       |       |       |       |   114 |   307 |   186 ||   607
       Peck              |       |       |       |       |       |       |       |       |     8 ||     8
 Fire: Sling             |    71 |       |       |       |       |       |       |       |       ||    71
 Cast: Frozen Ramparts   |       |    11 |    36 |    42 |    53 |     8 |       |       |       ||   150
       Fireball          |       |       |       |    18 |   309 |   375 |   153 |    54 |     2 ||   911
       Starburst         |       |       |       |       |       |    98 |   215 |   137 |    37 ||   487
       Orb of Destructio |       |       |       |       |       |       |       |    87 |    34 ||   121
       Fire Storm        |       |       |       |       |       |       |       |   174 |   184 ||   358
       Irradiate         |       |       |       |       |       |       |       |       |    39 ||    39
Invok: Call Merchant     |       |       |     1 |       |     1 |       |       |       |       ||     2
       Potion Petition   |       |       |       |       |       |     4 |     9 |    10 |     6 ||    29
       Bribe Branch      |       |       |       |       |       |       |       |       |     4 ||     4
 Abil: Hop               |     2 |     1 |     3 |     6 |    12 |     8 |     3 |     5 |     8 ||    48
Evoke: Wand              |       |     2 |    11 |    17 |       |     4 |     5 |     1 |     5 ||    45
       Phial of floods   |       |       |       |       |       |       |     2 |       |       ||     2
       Condenser vane    |       |       |       |       |       |       |     1 |       |       ||     1
  Use: Scroll            |       |     8 |    11 |    13 |    13 |     8 |    16 |    10 |    12 ||    91
       Potion            |       |     1 |     7 |     8 |     2 |     6 |    11 |     8 |    17 ||    60
 Stab: Sleeping          |     6 |       |     2 |     2 |     3 |       |       |       |     1 ||    14
       Distracted        |       |       |     2 |     2 |     2 |     5 |     6 |     3 |     3 ||    23
       Invisible         |       |       |       |     1 |       |       |     9 |       |       ||    10
       Petrified         |       |       |       |       |     5 |       |       |       |       ||     5
       Petrifying        |       |       |       |       |     1 |       |       |       |       ||     1
Armor: Robe              |    18 |     7 |       |       |       |       |       |       |       ||    25
       Leather armour    |       |    16 |   110 |   116 |   286 |    18 |       |       |       ||   546
       Skin              |       |       |     8 |       |       |       |       |     5 |       ||    13
       Scale mail        |       |       |       |       |       |   602 |   492 |   284 |   189 ||  1567
Dodge: Dodged            |    49 |    35 |   163 |   271 |   793 |   667 |   404 |   243 |   193 ||  2818
Block: Buckler           |       |       |       |       |    61 |   681 |   561 |   188 |   105 ||  1596
       Reflection        |       |       |       |       |       |     6 |    51 |       |       ||    57
